 Dungeon Crawl Stone Soup version 0.20-a0-1062-g7b787ac (webtiles) character file.

33 Alarkh the Insei (level 3, 26/26 HPs)
             Began as a Demonspawn Transmuter on Apr 27, 2017.
             Got out of the dungeon alive.
             The game lasted 00:01:35 (1439 turns).

Alarkh the Insei (Demonspawn Transmuter)            Turns: 1439, Time: 00:01:36

Health: 26/26      AC:  2    Str: 10    XL:     3   Next: 12%
Magic:  6/6        EV: 14    Int: 15    God:
Gold:   62         SH:  0    Dex: 13    Spells: 5/6 levels left

rFire    + . .     SeeInvis .     - Unarmed
rCold    . . .     Gourm    .   (no shield)
rNeg     . . .     Faith    .   b - +0 robe
rPois    .         Spirit   +   (no helmet)
rElec    .         Reflect  .   (no cloak)
rCorr    .         Harm     .   (no gloves)
MR       .....                  (no boots)
Stlth    +.........             (no amulet)
Regen    0.1/turn               p - ring of protection from fire
MPRegen  0.1/turn               (no ring)

@: no status effects
A: repulsion field 1, magic shield
a: no special abilities


You escaped.
You were not hungry.

You visited 1 branch of the dungeon, and saw 1 of its levels.

You collected 62 gold pieces.

Inventory:

Missiles
 a - 12 arrows
Armour
 b - a +0 robe (worn)
Jewellery
 p - a ring of protection from fire (left hand)
Scrolls
 e - a scroll of immolation {unknown}
 f - a scroll of recharging {unknown}
 g - a scroll of blinking {unknown}
 i - a scroll of identify {unknown}
 k - a scroll of fog {unknown}
 l - a scroll of magic mapping {unknown}
 o - a scroll of remove curse {unknown}
Potions
 j - a potion of heal wounds {unknown}
 m - 2 potions of brilliance {unknown}
Books
 c - a book of Changes

   Spells                             Type                      Level
   a - Beastly Appendage              Transmutation                1
   b - Sticks to Snakes               Transmutation                2
   c - Spider Form                    Transmutation/Poison         3
   d - Ice Form                       Ice/Transmutation            4
   e - Blade Hands                    Transmutation                5
Comestibles
 d - a bread ration
 h - a royal jelly
 n - 4 chunks of flesh


   Skills:
 + Level 1.4 Fighting
 + Level 2.0 Dodging
 * Level 3.5 Unarmed Combat
 - Level 2.0 Spellcasting
 - Level 1.7 Transmutations


You had 5 spell levels left.
You knew the following spells:

 Your Spells              Type           Power        Failure   Level  Hunger
a - Beastly Appendage     Tmut           #.....       11%         1    #......


Dungeon Overview and Level Annotations

Branches:
Dungeon (1/15)

Altars:


Innate Abilities, Weirdness & Mutations

You are surrounded by a mild repulsion field. (EV +2)
When hurt, damage is shared between your health and your magic reserves.


Message History

You hit the goblin.
The goblin is severely wounded.
The goblin closely misses you.
You hit the goblin.
You kill the goblin!
No target in view!
No target in view!
No target in view!
No target in view!
No target in view!
No target in view!
No target in view!
(D) Dungeon
Where to? (Enter - D:1 @ (x,y), ? - help)
n - 4 chunks of flesh (gained 3)
You see here a club. x2
There is an open door here.
There is a staircase leading out of the dungeon here.
Are you sure you want to leave the Dungeon?
This will make you lose the game!
You have escaped!

#.###
#.#.#...#≈.≈#≈≈≈#..........
#.#
#...#.[.#≈.≈#≈§.#....######
#.# ###.#...#≈.≈#§§.######
#.# #...#...#§..#.#
#.#######.#...........#.#
...##.....#...........#.#
......# #...........#.##
...##.# #...........#..#
#####.# #.....@.....#..#
#####÷# #........(..#..#
......# #############.)#
#####.# #..##.#####..#
#.#######...#....÷...#
#.........#..#######.#
#####.###.###.# #.#
#..........#..# #.#
#.###.####..)## #.# ###


There were no monsters in sight!

Vanquished Creatures
  An ooze (D:1)
  A dart slug (D:1)
  4 bats (D:1)
  5 goblins (D:1)
  2 hobgoblins (D:1)
  6 jackals (D:1)
  A kobold (D:1)
  A frilled lizard (D:1)
  2 rats (D:1)
23 creatures vanquished.

Notes
Turn   | Place    | Note
-------+----------+-------------------------------------------
     0 | D:1      | Alarkh the Demonspawn Transmuter began the quest for the Orb.
     0 | D:1      | Reached XP level 1. HP: 15/15 MP: 3/3
   641 | D:1      | Reached skill level 3 in Unarmed Combat
   827 | D:1      | Gained mutation: You are surrounded by a mild repulsion field. (EV +2) [demonic ancestry]
   827 | D:1      | Reached XP level 2. HP: 17/21 MP: 3/5
  1362 | D:1      | Gained mutation: When hurt, damage is shared between your health and your magic reserves. [demonic ancestry]
  1362 | D:1      | Reached XP level 3. HP: 25/26 MP: 4/6
  1439 | D:$      | Got out of the dungeon alive.

Vault maps used:
D:1:      lightli_arrival_quake

Skill      XL: |  1  2 |
---------------+-------+-----
Unarmed Combat | 3 |  3.5
Dodging        | 2 |  2.0
Fighting       | |  1.4
Spellcasting   | |  2.0
Transmutations | |  1.7

Action                   || total
-------------------------++-------
Melee: Unarmed           ||   105
       Kick              ||     6
       Headbutt          ||     5
       Punch             ||     1
 Cast: Beastly Appendage ||    10
  Eat: Chunk             ||     2
Armor: Robe              ||    26
Dodge: Dodged            ||    78
